 Dungeon Crawl Stone Soup version 0.29-a0-284-gf9362112df (webtiles) character file.

Game seed: 17863171621915919361

595 epen the Archer (level 7, -4/84 HPs)
             Began as a Gnoll Hunter on Mar 15, 2022.
             Succumbed to a water moccasin's poison
             ... on level 8 of the Dungeon.
             The game lasted 00:06:58 (3063 turns).

epen the Archer (Gnoll Hunter)                      Turns: 3063, Time: 00:06:58

Health: -4/84      AC: 23    Str: 11    XL:     7   Next: 40%
Magic:  10/10      EV:  2    Int:  8    God:
Gold:   130        SH:  0    Dex: 17    Spells: 10/10 levels left

rFire   . . .      SeeInvis .   a - +1 shortbow
rCold   . . .      Faith    .   (shield currently unavailable)
rNeg    + . .      Spirit   .   (body armour currently unavailable)
rPois   +          Reflect  .   (helmet currently unavailable)
rElec   .          Harm     .   (cloak currently unavailable)
rCorr   +          Rampage  .   (gloves currently unavailable)
Will    .....      NoTele   +   (boots currently unavailable)
Stlth   +++.......              (no amulet)
HPRegen 0.24/turn               d - ring of positive energy
MPRegen 0.12/turn               j - ring of resist corrosion

@: lethally poisoned (-4 -> -30), tree-form, hasted, very quick
A: stationary, stasis, torment immunity, boosted hp, (fangs 1), strong nose,
distributed training
a: no special abilities


You were on level 8 of the Dungeon.
You were a tree.
You visited 1 branch of the dungeon, and saw 6 of its levels.
You also visited: Sewer.

You collected 130 gold pieces.

Inventory:

Hand Weapons
 a - a +1 shortbow (weapon)
Armour
 b - a +1 leather armour (melded)
 s - a +0 cloak (melded)
Jewellery
 d - a ring of positive energy (left branch)
 j - a ring of resist corrosion (right branch)
 l - a +6 ring of strength
Wands
 t - a wand of digging (8)
Scrolls
 c - a scroll of enchant weapon {unknown}
 g - 6 scrolls of identify
 n - 2 scrolls of brand weapon {unknown}
 o - 2 scrolls of teleportation
 p - a scroll of enchant armour
 q - a scroll of fear {unknown}
Potions
 e - 3 potions of cancellation
 f - a potion of lignification
 h - a potion of haste
 i - a potion of mutation {unknown}
 k - 2 potions of might {unknown}
 m - a potion of attraction {unknown}
 r - 3 potions of heal wounds {unknown}


   Skills:
 + Level 5.2 Fighting
 + Level 2.4 Short Blades
 + Level 2.4 Long Blades
 + Level 2.4 Axes
 + Level 2.4 Maces & Flails
 + Level 2.4 Polearms
 + Level 2.4 Staves
 + Level 2.4 Slings
 + Level 8.9 Bows
 + Level 2.4 Crossbows
 + Level 2.4 Throwing
 + Level 2.4 Armour
 + Level 5.2 Dodging
 + Level 3.4 Stealth
 + Level 2.4 Shields
 + Level 2.4 Unarmed Combat
 + Level 2.4 Spellcasting
 + Level 2.0 Conjurations
 + Level 2.0 Hexes
 + Level 2.0 Summonings
 + Level 2.0 Necromancy
 + Level 2.0 Translocations
 + Level 2.0 Transmutations
 + Level 2.0 Fire Magic
 + Level 2.0 Ice Magic
 + Level 2.0 Air Magic
 + Level 2.0 Earth Magic
 + Level 2.0 Poison Magic
 + Level 2.7 Invocations
 + Level 2.4 Evocations


You had 10 spell levels left.
You didn't know any spells.
Your spell library contained the following spells:

 Spells                   Type           Power      Damage    Failure   Level
 Tukima's Dance           Hex            4%         N/A       41%         3
 Anguish                  Hex/Necr       2%         N/A       83%         4
 Freezing Cloud           Conj/Ice/Air   2%         6-21      99%         5
 Simulacrum               Ice/Necr       2%         N/A       100%        6
 Enfeeble                 Hex            2%         N/A       100%        7
 Polar Vortex             Ice            2%         N/A       100%        9


Dungeon Overview and Level Annotations

Branches:
Dungeon (5/15)              Sewer (visited)
 Temple: D:4-7

Altars:
Trog
Yredelemnul

Shops:
D:3 !


Innate Abilities, Weirdness & Mutations

You are a tree.
Your roots penetrate the ground, keeping you stationary.
You cannot be teleported.
You are immune to unholy pain and torment.
Your maximum health is greatly increased.
Your equipment is partially melded.
((You have very sharp teeth.))
Your uncanny sense of smell can sniff out nearby items.
Your experience applies equally to all skills.


Message History

The water moccasin poisons you!
You shoot an arrow. The arrow hits the water moccasin!
The water moccasin is almost dead.
You feel very sick. The water moccasin barely misses you.
The water moccasin bites you.
You shoot an arrow. The arrow misses the water moccasin.
You feel sick. The water moccasin closely misses you.
You shoot an arrow. The arrow misses the water moccasin.
You feel sick. The water moccasin barely misses you.
The water moccasin bites you!
You are lethally poisoned!
The water moccasin poisons you!
You are too injured to fight recklessly!
You are too injured to fight recklessly!
Shoot: a) +1 shortbow
Press: ? - help, Shift-Dir - straight line, f/p - water moccasin
Aim: a water moccasin (almost dead, 52% to hit)
You shoot an arrow. The arrow misses the water moccasin.
You feel very sick. The water moccasin bites you.
* * * LOW HITPOINT WARNING * * *
Shoot: a) +1 shortbow
Press: ? - help, Shift-Dir - straight line, f/p - water moccasin
Aim: a water moccasin (almost dead, 52% to hit)
You shoot an arrow. The arrow misses the water moccasin.
* * * LOW HITPOINT WARNING * * *
You feel very sick. The water moccasin bites you.
* * * LOW HITPOINT WARNING * * *
You are more poisoned.
The water moccasin poisons you! The water moccasin closely misses you.
Really quaff the potion of lignification?
You turn into a tree.
Your +0 cloak melds into your body.
Your +1 leather armour melds into your body.
Your roots penetrate the ground.
* * * LOW HITPOINT WARNING * * *
You feel extremely sick. The water moccasin bites you.
* * * LOW HITPOINT WARNING * * *
It was a potion of haste.
You feel yourself speed up.
You die...

#######################
[....................>.
##############.....#.#
#.#.#.# #.#♣# # #.#S#
#.... ###.#. #.#.. #.#
.. #+# ##. ∆ .#


You could see a water moccasin.

Vanquished Creatures
  Pargi (Sewer)
  A black bear (D:4)
  A phantom (D:4)
  A bullfrog (D:8)
  A hound (D:4)
  A jelly (D:4)
  An orc wizard (D:3)
  11 adders
  A dart slug (D:2)
  10 orcs
  9 endoplasms
  6 giant cockroaches
  6 goblins
  8 hobgoblins
  6 quokkas
  6 ball pythons
  2 bats
  6 frilled lizards (Sewer)
  5 kobolds
  7 rats
90 creatures vanquished.

Notes
Turn   | Place    | Note
-------+----------+-------------------------------------------
     0 | D:1      | epen the Gnoll Hunter began the quest for the Orb.
     0 | D:1      | Reached XP level 1. HP: 20/20 MP: 1/1
   141 | D:1      | Reached XP level 2. HP: 26/26 MP: 2/2
   168 | D:1      | Found a faded altar of an unknown god.
   741 | D:2      | Reached XP level 3. HP: 22/31 MP: 3/3
   866 | D:2      | Reached skill level 1 in Invocations
  1090 | D:2      | Found a bloodstained altar of Trog.
  1243 | D:2      | Reached skill level 1 in Short Blades
  1243 | D:2      | Reached skill level 1 in Long Blades
  1243 | D:2      | Reached skill level 1 in Axes
  1243 | D:2      | Reached skill level 1 in Maces & Flails
  1243 | D:2      | Reached skill level 1 in Polearms
  1243 | D:2      | Reached skill level 1 in Staves
  1243 | D:2      | Reached skill level 1 in Slings
  1243 | D:2      | Reached skill level 1 in Crossbows
  1243 | D:2      | Reached skill level 1 in Throwing
  1243 | D:2      | Reached skill level 1 in Armour
  1243 | D:2      | Reached skill level 1 in Shields
  1243 | D:2      | Reached skill level 1 in Unarmed Combat
  1243 | D:2      | Reached skill level 1 in Spellcasting
  1243 | D:2      | Reached skill level 1 in Evocations
  1383 | D:3      | Reached XP level 4. HP: 38/38 MP: 5/5
  1399 | D:3      | Reached skill level 1 in Conjurations
  1399 | D:3      | Reached skill level 1 in Hexes
  1399 | D:3      | Reached skill level 1 in Summonings
  1399 | D:3      | Reached skill level 1 in Necromancy
  1399 | D:3      | Reached skill level 1 in Translocations
  1399 | D:3      | Reached skill level 1 in Transmutations
  1399 | D:3      | Reached skill level 1 in Fire Magic
  1399 | D:3      | Reached skill level 1 in Ice Magic
  1399 | D:3      | Reached skill level 1 in Air Magic
  1399 | D:3      | Reached skill level 1 in Earth Magic
  1399 | D:3      | Reached skill level 1 in Poison Magic
  1495 | D:3      | Found a glowing drain.
  1507 | D:3      | Reached XP level 5. HP: 41/43 MP: 5/7
  1621 | Sewer    | Entered a sewer
  1757 | Sewer    | Noticed Pargi
  1772 | Sewer    | Killed Pargi
  1773 | Sewer    | Reached XP level 6. HP: 50/50 MP: 8/8
  1988 | D:3      | Found Vuraust's Distillery.
  2470 | D:4      | Reached skill level 5 in Fighting
  2470 | D:4      | Reached skill level 5 in Dodging
  2531 | D:4      | Noticed a black bear
  2536 | D:4      | Killed a black bear
  2732 | D:4      | Reached XP level 7. HP: 49/56 MP: 10/10
  2818 | D:4      | Found a basalt altar of Yredelemnul.
  2977 | D:5      | Entered Level 5 of the Dungeon
  2977 | D:5      | You fall into a shaft and drop 3 floors!
  3062 | D:8      | HP: 2/84 [poisoned by a water moccasin]
  3063 | D:8      | Succumbed to a water moccasin's poison

Illustrated notes

Levels and vault maps discovered:
D:1:      ebering_trefoil_3fold, layout_basic,
          shapermc_ecumenical_altar_pompeii, hex_medium
D:2:      layout_loops_ring, basic_altar, minmay_misc_feat_chi
D:3:      layout_basic, serial_shops, shop_statue, gup_sewer_entry_glass
D:4:      layout_rooms, mainiacjoe_overflow_brackets, kennysheep_generic_room_8
D:5:      layout_basic, nicolae_dithmenos_shadow_blocks, temple_statues,
          uniq_grinder
D:8:      layout_basic, nicolae_stop_n_shop_1

Skill      XL: |  1  2  3  4  5  6  7 |
---------------+----------------------+-----
Invocations    | 1 2 |  2.7
Short Blades   | 1 2 |  2.4
Long Blades    | 1 2 |  2.4
Axes           | 1 2 |  2.4
Maces & Flails | 1 2 |  2.4
Polearms       | 1 2 |  2.4
Staves         | 1 2 |  2.4
Slings         | 1 2 |  2.4
Crossbows      | 1 2 |  2.4
Throwing       | 1 2 |  2.4
Armour         | 1 2 |  2.4
Shields        | 1 2 |  2.4
Unarmed Combat | 1 2 |  2.4
Spellcasting   | 1 2 |  2.4
Evocations     | 1 2 |  2.4
Conjurations   | 1 2 |  2.0
Hexes          | 1 2 |  2.0
Summonings     | 1 2 |  2.0
Necromancy     | 1 2 |  2.0
Translocations | 1 2 |  2.0
Transmutations | 1 2 |  2.0
Fire Magic     | 1 2 |  2.0
Ice Magic      | 1 2 |  2.0
Air Magic      | 1 2 |  2.0
Earth Magic    | 1 2 |  2.0
Poison Magic   | 1 2 |  2.0
Stealth        | 3 |  3.4
Fighting       | 5 |  5.2
Dodging        | 5 |  5.2
Bows           | |  8.9

Action                   |  1- 3 |  4- 6 |  7- 9 || total
-------------------------+-------+-------+-------++-------
Melee: Unarmed           |       |    12 |       ||    12
 Fire: Shortbow          |    69 |   151 |    26 ||   246
  Use: Scroll            |     3 |     2 |       ||     5
       Potion            |       |     1 |     2 ||     3
Armor: Skin              |       |    30 |       ||    30
       Leather armour    |       |    12 |     4 ||    16
Dodge: Dodged            |     7 |    34 |     7 ||    48

Table legend: (Time is in decaauts)
 A = Elapsed time spent in this place.
 B = Non-inter-level travel time spent in this place.
 C = Inter-level travel time spent in this place.
 D = Time resting spent in this place.
 E = Time spent auto-exploring this place.
 F = Levels seen in this place.
 G = Mean time per level.
                   A        B        C        D        E       F      G
               +--------+--------+--------+--------+--------+-----+--------+
         Total |   3129 |   2893 |    236 |    175 |   2159 |   7 |  447.0 |
       Dungeon |   2775 |   2539 |    236 |     94 |   1953 |   6 |  462.5 |
         Sewer |    354 |    354 |      0 |     81 |    206 |   1 |  354.0 |
               +--------+--------+--------+--------+--------+-----+--------+

Top non-repeatable levels by time:
     D:2: 772 daAuts
     D:3: 715 daAuts
     D:1: 684 daAuts
     D:4: 516 daAuts
   Sewer: 354 daAuts
     D:8: 87 daAuts
